 Dungeon Crawl Stone Soup version 0.30-a0-778-g2ef04afb54 (webtiles) character file.

Game seed: 16099986398523321994

108 dolemite99 the Magician (level 5, -4/40 HPs)
             Began as a Djinni Necromancer on Feb 17, 2023.
             Was a Follower of Nemelex Xobeh.
             Slain by an iguana (12 damage)
             ... on level 4 of the Dungeon.
             The game lasted 00:04:03 (2943 turns).

dolemite99 the Magician (Djinni Necromancer)        Turns: 2943, Time: 00:04:04

Health: -4/40      AC:  3    Str:  7    XL:     5   Next: 12%
Gold:   212        EV:  9    Int: 18    God:    Nemelex Xobeh [*.....] SH:  5 Dex: 14

rFire   + + .      SeeInvis .    m - +0 spear
rCold   x . .      Faith    .    (no shield)
rNeg    . . .      Spirit   .    a - +0 robe
rPois   ∞          Reflect  +    (no helmet)
rElec   .          Harm     .    (no cloak)
rCorr   .          Rampage  .    k - +0 pair of gloves
Will    .....                    (boots unavailable)
Stlth   ++                       t - amulet of reflection
HPRegen 0.26/turn                (no ring)
MPRegen 0.00/turn                (no ring)

@: flying, very slightly contaminated, constricted
A: sickness immunity, fire resistance 2, cold vulnerability 1, float, innate
caster, HP casting, extra vitality 1
a: Renounce Religion, Draw Escape, Draw Destruction, Draw Summoning


You were on level 4 of the Dungeon.
You worshipped Nemelex Xobeh.
Nemelex Xobeh was aware of your devotion.
You visited 1 branch of the dungeon, and saw 4 of its levels.

You collected 212 gold pieces.

Inventory:

Hand Weapons
 e - a +0 short sword
 m - a +0 spear (weapon)
 s - a +1 long sword of protection
Missiles
 l - 2 javelins
 p - 15 poisoned darts
Armour
 a - a +0 robe (worn)
 k - a +0 pair of gloves (worn)
Jewellery
 h - a ring of protection from fire
 t - an amulet of reflection (around neck)
Scrolls
 b - a scroll of fear {unknown}
 c - 7 scrolls of identify {unknown}
 f - a scroll of immolation {unknown}
 g - a scroll of brand weapon {unknown}
 i - 2 scrolls of magic mapping {unknown}
 o - 2 scrolls of teleportation {unknown}
 q - a scroll of enchant weapon {unknown}
Potions
 d - 2 potions of curing {unknown}
 j - 2 potions of cancellation {unknown}
 n - a potion of ambrosia {unknown}
 r - a potion of brilliance {unknown}


   Skills:
 * Level 3.5 Fighting
 - Level 2.1 Dodging
 - Level 1.5 Stealth
 + Level 3.7 Spellcasting


You couldn't memorise any spells.
You knew the following spells:

 Your Spells              Type           Power      Damage    Failure   Level
a - Necrotise             Necr           68%        1d7       3%          1
b - Call Imp              Summ           17%        N/A       4%          2
c - Vampiric Draining     Necr           17%        2d7       10%         3
d - Agony                 Necr           17%        N/A       65%         5
e - Animate Dead          Necr           17%        N/A       32%         4
f - Summon Small Mammal   Summ           68%        N/A       3%          1
Your spell library was empty.

Dungeon Overview and Level Annotations

Branches:
Dungeon (4/15)
 Temple: D:4-7

Altars:
Nemelex Xobeh


Innate Abilities, Weirdness & Mutations

You are immune to sickness and miasma.
You are immune to poison.
Your flesh is very heat resistant. (rF++)
You are vulnerable to cold. (rC-)
You float through the air rather than walking.
You learn spells naturally, not from books.
Your magical power is your life essence.
You have superior vitality. (+4 MHP)


Message History

Confirm with . or Enter, or press ? or * to list all spells.
Aiming: Necrotise (safe; 3% risk of failure)
Press: ? - help, Shift-Dir - straight line, f/p - iguana
Aim: an iguana (lightly wounded, ally target, chance to affect: 81%)
The iguana writhes in agony.
Your jackal skeleton bites the iguana but does no damage.
The iguana closely misses you.
Casting: Necrotise (safe; 3% risk of failure)
Confirm with . or Enter, or press ? or * to list all spells.
Aiming: Necrotise (safe; 3% risk of failure)
Press: ? - help, Shift-Dir - straight line, f/p - iguana
Aim: an iguana (moderately wounded, ally target, chance to affect: 81%)
The iguana writhes in agony.
Your jackal skeleton barely misses the iguana.
The ball python bites you. The ball python grabs you.
The ball python constricts you. The iguana misses you.
Casting: Necrotise (safe; 3% risk of failure)
Confirm with . or Enter, or press ? or * to list all spells.
Aiming: Necrotise (safe; 3% risk of failure)
Press: ? - help, Shift-Dir - straight line, f/p - iguana
Aim: an iguana (heavily wounded, ally target, chance to affect: 81%)
The iguana barely resists.
Your jackal skeleton closely misses the iguana.
The ball python bites you. The ball python constricts you.
The iguana bites you!
Your jackal skeleton bites the iguana but does no damage.
Your crimson imp blinks!
Casting: Necrotise (safe; 3% risk of failure)
Confirm with . or Enter, or press ? or * to list all spells.
A shadowy apparition takes form in the air.
The ball python bites you. The ball python constricts you.
Your jackal skeleton barely misses the iguana.
You block the ball python's attack. The ball python constricts you.
The iguana bites you!
* * * LOW HITPOINT WARNING * * *
Your jackal skeleton bites the iguana but does no damage.
The ball python barely misses you. The ball python constricts you.
The iguana bites you!
You die...
Your body disappears without a glow.

#########.........#
#<..........###.###
#########.#.###.#
.............>#
######.#.###.###
#.#........
######.#####.###
#.......# .#
####....@..#
#.......lS5#
..#....Z...#
#.#####.## #
#.........#
#.###§###S# #.# #.#
...


You could see an iguana (ally target), a ball python (ally target), a friendly
shadow imp (summoned) and a friendly jackal skeleton.

Vanquished Creatures
  An iguana (D:4)
  2 adders
  4 orcs (D:3)
  6 ball pythons
  5 endoplasms
  A giant cockroach (D:2)
  2 goblins (D:1)
  3 hobgoblins
  A jackal (D:4)
  2 kobolds
  3 quokkas
  3 bats
  4 frilled lizards
  11 rats
48 creatures vanquished.

Vanquished Creatures (collateral kills)
  An adder (D:4)
  A jackal (D:4)
  2 frilled lizards (D:1)
  A kobold (D:2)
5 creatures vanquished.

Grand Total: 53 creatures vanquished

Notes
Turn   | Place    | Note
-------+----------+-------------------------------------------
     0 | D:1      | dolemite99 the Djinni Necromancer began the quest for the
                  | Orb.
     0 | D:1      | dolemite99 set off with the following spells memorised:
                  | Necrotise, Vampiric Draining, Animate Dead, Agony.
     0 | D:1      | Reached XP level 1. HP: 15/15 MP: 0/0
   180 | D:1      | Reached skill level 1 in Fighting
   186 | D:1      | Reached XP level 2. HP: 13/22 MP: 0/0
   914 | D:2      | Reached XP level 3. HP: 25/28 MP: 0/0
   914 | D:2      | Learned a level 1 spell: Summon Small Mammal
  1984 | D:3      | Reached XP level 4. HP: 26/34 MP: 0/0
  2182 | D:3      | Found a faded altar of an unknown god.
  2262 | D:3      | Prayed at the altar of an unknown god.
  2262 | D:3      | Became a worshipper of Nemelex Xobeh the Trickster
  2262 | D:3      | Reached * piety under Nemelex Xobeh
  2262 | D:3      | Received a gift from Nemelex Xobeh
  2783 | D:4      | Reached XP level 5. HP: 14/40 MP: 0/0
  2783 | D:4      | Learned a level 2 spell: Call Imp
  2943 | D:4      | Slain by an iguana

Illustrated notes

Levels and vault maps discovered:
D:1:      kilobyte_arrival_exit_the_forest, layout_basic
D:2:      layout_basic
D:3:      layout_loops_ring, lemuel_round_altar, basic_ecumenical_altar
D:4:      layout_basic, grunt_temple_overflow_bloody_war, marbit_many_paths,
          minmay_temple_entry_hall, minmay_misc_feat_roman, minivault_19,
          uniq_edmund

Skill      XL: |  1  2  3  4 |
---------------+-------------+-----
Fighting       | 1 2 3 |  3.5
Dodging        | |  2.1
Stealth        | |  1.5
Spellcasting   | |  3.7

Action                     |  1- 3 |  4- 6 || total
---------------------------+-------+-------++-------
  Melee: Unarmed           |     7 |       ||     7
         Spear             |     1 |       ||     1
   Cast: Necrotise         |    64 |    38 ||   102
         Summon Small Mamm |     5 |     2 ||     7
         Call Imp          |       |     3 ||     3
 Armour: Robe              |     6 |     3 ||     9
  Dodge: Dodged            |    24 |    12 ||    36
  Block: Other             |       |     2 ||     2

Table legend: (Time is in decaauts)
 A = Elapsed time spent in this place.
 B = Non-inter-level travel time spent in this place.
 C = Inter-level travel time spent in this place.
 D = Time resting spent in this place.
 E = Time spent auto-exploring this place.
 F = Levels seen in this place.
 G = Mean time per level.
                   A        B        C        D        E       F      G
               +--------+--------+--------+--------+--------+-----+--------+
         Total |   2941 |   2830 |    111 |    365 |   1985 |   4 |  735.2 |
       Dungeon |   2941 |   2830 |    111 |    365 |   1985 |   4 |  735.2 |
               +--------+--------+--------+--------+--------+-----+--------+

Top non-repeatable levels by time:
     D:2: 1086 daAuts
     D:1: 878 daAuts
     D:3: 786 daAuts
     D:4: 190 daAuts
